 Dungeon Crawl Stone Soup version 0.21-a0-128-gf2b353c (webtiles) character file.

835 Musica the Covert (level 7, -4/33 HPs)
             Began as a Spriggan Assassin on July 17, 2017.
             Was a Follower of Dithmenos.
             Slain by a centaur warrior skeleton (7 damage)
             ... on level 8 of the Dungeon.
             The game lasted 00:34:48 (6200 turns).

Musica the Covert (Spriggan Assassin)               Turns: 6200, Time: 00:34:49

Health: -4/33      AC:  4    Str:  7    XL:     7   Next: 66%
Magic:  8/13       EV: 17    Int: 13    God:    Dithmenos [*.....]
Gold:   124        SH:  0    Dex: 22    Spells: 6/13 levels left

rFire    . . .     SeeInvis +   a - +2 dagger
rCold    . . .     Gourm    .   (shield restricted)
rNeg     . . .     Faith    .   c - +0 robe
rPois    .         Spirit   .   (helmet restricted)
rElec    +         Reflect  .   d - +1 cloak
rCorr    .         Harm     .   (gloves unavailable)
MR       ++...                  (boots unavailable)
Stlth    +++++.....             (no amulet)
HPRegen  0.11/turn              y - ring "Xofyqufi" {rElec Dex+3}
MPRegen  0.13/turn              (no ring)

@: wreathed by umbra, very quick
A: unfitting armour, talons 1, see invisible, deterioration 2, herbivore 3,
speed 3, magic resistance 1, slow metabolism 2
a: Renounce Religion


You were on level 8 of the Dungeon.
You worshipped Dithmenos.
Dithmenos was aware of your devotion.
You were not hungry.

You visited 2 branches of the dungeon, and saw 9 of its levels.

You collected 169 gold pieces.
You spent 45 gold pieces at shops.

Inventory:

Hand Weapons
 a - a +2 dagger (weapon)
 b - a +0 blowgun
 o - a +0 shortbow
 v - a +0 hunting sling
 D - a +2 whip of electrocution
Missiles
 e - 14 poisoned needles
 k - 38 sling bullets
 m - 92 arrows
 u - 6 needles of sleeping
 B - 36 bolts
Armour
 c - a +0 robe (worn)
 d - a +1 cloak (worn)
Jewellery
 y - the ring "Xofyqufi" (left hand) {rElec Dex+3}
   (You found it on level 4 of the Dungeon)

   [ring of dexterity]

   It affects your dexterity (+3).
   It insulates you from electricity.
Wands
 w - a wand of disintegration (6/24)
Scrolls
 l - 2 scrolls of teleportation
 n - a scroll of magic mapping
 p - a scroll of enchant armour
 q - 3 scrolls of identify
 A - a scroll of amnesia {unknown}
 E - a scroll of remove curse
Potions
 f - 2 potions of brilliance
 i - 2 potions of agility
 j - 5 potions of curing
 t - 2 potions of flight {unknown}
 C - a potion of might
Books
 h - a book of Changes

   Spells                             Type                      Level
   a - Beastly Appendage              Transmutation                1
   b - Sticks to Snakes               Transmutation                2
   c - Spider Form                    Transmutation/Poison         3
   d - Ice Form                       Ice/Transmutation            4
   e - Blade Hands                    Transmutation                5
 r - a book of Maledictions

   Spells                             Type                      Level
   a - Corona                         Hexes                        1
   b - Ensorcelled Hibernation        Hexes/Ice                    2
   c - Confuse                        Hexes                        3
   d - Tukima's Dance                 Hexes                        3
   e - Dazzling Spray                 Conjuration/Hexes            3
Comestibles
 g - 3 bread rations
 x - 3 royal jellies
 z - 4 fruits


   Skills:
 - Level 1.5 Fighting
 - Level 4.2 Short Blades
 + Level 0.5 Bows
 - Level 2.3 Throwing
 - Level 1.7 Dodging
 - Level 8.9 Stealth
 * Level 3.6 Spellcasting
 * Level 3.1 Hexes
 * Level 3.1 Transmutations
 * Level 2.3 Ice Magic
 * Level 2.0 Invocations


You had 6 spell levels left.
You knew the following spells:

 Your Spells              Type           Power        Failure   Level  Hunger
a - Ensorcelled Hibernat  Hex/Ice        #.....       11%         2    ##.....
b - Sticks to Snakes      Tmut           ##......     9%          2    ##.....
c - Tukima's Dance        Hex            ##......     17%         3    ###....


Dungeon Overview and Level Annotations

Branches:
Dungeon (8/15)             Temple (1/1) D:4
   Lair: D:8-11

Altars:
Cheibriados
Dithmenos
Fedhas
Gozag
Hepliaklqana
Makhleb
Nemelex Xobeh
Okawaru
Qazlal
Ru
Trog
Uskayaw
Vehumet
Wu Jian
Xom
Yredelemnul
Zin
The Shining One

Shops:
D:5 ?

Annotations:
D:3 Musica's ghost, amateur SpAs
D:6 Kythnos's ghost, novice SpEn


Innate Abilities, Weirdness & Mutations

You are very small and have problems with some larger weapons.
You are too small for most types of armour.
You have supernaturally acute eyesight. (SInv)
You are a herbivore.
You cover ground extremely quickly.
You need consume almost no food.
You have sharp toenails.
Your body often deteriorates upon taking damage.
You are resistant to hostile enchantments. (MR+)


Message History

You hit the centaur warrior skeleton but do no damage.
The centaur warrior skeleton is severely damaged.
Your adder bites the centaur warrior skeleton.
The centaur warrior skeleton closely misses you.
You hit the centaur warrior skeleton.
The centaur warrior skeleton is severely damaged.
Your adder bites the centaur warrior skeleton.
The centaur warrior skeleton hits you.
* * * LOW HITPOINT WARNING * * *
You hit the centaur warrior skeleton.
You claw the centaur warrior skeleton, but do no damage.
The centaur warrior skeleton is severely damaged.
Your adder bites the centaur warrior skeleton.
The centaur warrior skeleton hits you.
* * * LOW HITPOINT WARNING * * *
You hit the centaur warrior skeleton.
The centaur warrior skeleton is almost destroyed.
Your adder bites the centaur warrior skeleton.
The centaur warrior skeleton hits you!
You die...

....?....#
#..........+
#..........#
#..........#
###..........####
................#
#..........)...#
#..............#
#.....Z@.......###
#.....S..<........
########.......###
#.#.....#
...#.....#
#####.##### #.#
#.# #.#


You could see a centaur warrior skeleton and a friendly adder.

Vanquished Creatures
  A sky beast (D:6)
  A centaur (D:5)
  2 ogres
  A gnoll sergeant (D:5)
  A wyvern skeleton (D:8)
  2 scorpions
  An orc priest (D:7)
  A hound zombie (D:5)
  A worker ant zombie (D:5)
  A howler monkey zombie (D:5)
  4 gnolls (D:5)
  6 adders
  A howler monkey skeleton (D:6)
  2 adder skeletons
  2 dart slugs (D:1)
  2 worms
  5 leopard geckos
  4 orcs
  2 ball pythons
  18 giant cockroaches
  6 hobgoblins
  3 jackals (D:3)
  A quokka (D:4)
  A ball python skeleton (D:4)
  9 bats
  4 frilled lizards
  A giant cockroach zombie (D:5)
  5 goblins
  12 kobolds
  A leopard gecko skeleton (D:5)
  7 rats
108 creatures vanquished.

Vanquished Creatures (collateral kills)
  An adder (D:5)
  3 orcs (D:6)
4 creatures vanquished.

Grand Total: 112 creatures vanquished

Notes
Turn   | Place    | Note
-------+----------+-------------------------------------------
     0 | D:1      | Musica the Spriggan Assassin began the quest for the Orb.
     0 | D:1      | Reached XP level 1. HP: 10/10 MP: 2/2
   101 | D:1      | Reached skill level 6 in Stealth
   265 | D:1      | Reached XP level 2. HP: 3/14 MP: 3/3
   676 | D:2      | Reached skill level 7 in Stealth
   778 | D:1      | Reached XP level 3. HP: 6/18 MP: 4/4
  1510 | D:2      | Found a sparkling altar of Nemelex Xobeh.
  1512 | D:2      | Found a blossoming altar of Fedhas.
  1512 | D:2      | Found an iron altar of Okawaru.
  1573 | D:2      | Reached skill level 8 in Stealth
  1573 | D:2      | Reached XP level 4. HP: 22/22 MP: 5/5
  2147 | D:3      | Noticed Musica's ghost (amateur SpAs)
  2530 | D:2      | Reached XP level 5. HP: 18/25 MP: 6/6
  2840 | D:5      | Entered Level 5 of the Dungeon
  2864 | D:4      | Learned a level 2 spell: Ensorcelled Hibernation
  2951 | D:5      | Found Ysaqyij's Magic Scroll Shoppe.
  2956 | D:5      | Bought a scroll of magic mapping for 45 gold pieces
  3018 | D:4      | Noticed an ogre
  3045 | D:4      | Killed an ogre
  3045 | D:4      | Reached skill level 1 in Spellcasting
  3045 | D:4      | Reached skill level 1 in Hexes
  3209 | D:3      | Reached XP level 6. HP: 30/30 MP: 9/9
  3233 | D:3      | Reached skill level 1 in Ice Magic
  3311 | D:4      | Found a snail-covered altar of Cheibriados.
  3365 | D:4      | Found a staircase to the Ecumenical Temple.
  3371 | Temple   | Entered the Ecumenical Temple
  3556 | Temple   | Became a worshipper of Dithmenos the Shadowed
  4296 | D:4      | Found a radiant altar of Vehumet.
  4297 | D:4      | Found a glowing golden altar of the Shining One.
  4303 | D:4      | Got a smoking amber ring
  4304 | D:4      | Identified the ring "Xofyqufi" {rElec Dex+3} (You found it on level 4 of the Dungeon)
  4328 | D:3      | Gained mutation: Your body sometimes deteriorates upon taking damage. [potion of mutation]
  4328 | D:3      | Gained mutation: You have sharp toenails. [potion of mutation]
  4328 | D:3      | Gained mutation: Your body often deteriorates upon taking damage. [potion of mutation]
  4328 | D:3      | Gained mutation: You are resistant to hostile enchantments. (MR+) [potion of mutation]
  4549 | D:3      | Learned a level 2 spell: Sticks to Snakes
  4648 | D:5      | Reached skill level 1 in Transmutations
  4686 | D:5      | Reached skill level 1 in Invocations
  5297 | D:6      | Reached XP level 7. HP: 33/33 MP: 11/11
  5519 | D:6      | Learned a level 3 spell: Tukima's Dance
  5584 | D:6      | Noticed Kythnos's ghost (novice SpEn)
  6077 | D:7      | Reached * piety under Dithmenos
  6078 | D:7      | Noticed a yak
  6080 | D:7      | Noticed a yak
  6082 | D:7      | Noticed a yak
  6083 | D:7      | Noticed a yak
  6200 | D:8      | Slain by a centaur warrior skeleton

Vault maps used:
D:1:      lightli_arrival_isolated_outpost
D:2:      minmay_roachtagon, gammafunk_temple_overflow_forgotten
D:4:      cheibriados_altar_1, gammafunk_temple_overflow_pools,
          minmay_temple_entry_nine_rooms
D:5:      first_bread, serial_shops, shop, minmay_misc_feat_five,
          grunt_ministairs_9
D:6:      minmay_misc_feat_pillars
D:7:      tgw_sif, uniq_menkaure
Temple:   minmay_temple_bridge_abc

Skill      XL: |  1  2  3  4  5  6  7 |
---------------+----------------------+-----
Stealth        | 6 7 8 |  8.9
Short Blades   | 3 4 |  4.2
Spellcasting   | 1 2 3 |  3.6
Hexes          | 1 2 3 |  3.1
Ice Magic      | 1 2 |  2.3
Transmutations | 1 3 |  3.1
Invocations    | 1 2 |  2.0
Fighting       | |  1.5
Bows           | |  0.5
Throwing       | |  2.3
Dodging        | |  1.7

Action                   |  1- 3 |  4- 6 |  7- 9 || total
-------------------------+-------+-------+-------++-------
Melee: Dagger            |   131 |   163 |    22 ||   316
       Kick              |       |     5 |    13 ||    18
       Whip              |       |       |    27 ||    27
 Fire: Blowgun           |     4 |    44 |    12 ||    60
       Shortbow          |       |     5 |     8 ||    13
 Cast: Sticks to Snakes  |       |     8 |     7 ||    15
       Ensorcelled Hiber |       |     1 |     1 ||     2
       Tukima's Dance    |       |       |     1 ||     1
Evoke: Wand              |       |       |     1 ||     1
  Use: Scroll            |       |    10 |       ||    10
       Potion            |       |     5 |     1 ||     6
 Stab: Sleeping          |    19 |    17 |     5 ||    41
       Distracted        |     1 |       |       ||     1
  Eat: Bread ration      |       |     1 |       ||     1
Armor: Robe              |    17 |    17 |    11 ||    45
Dodge: Dodged            |    75 |   137 |    22 ||   234
